 Dungeon Crawl Stone Soup version 0.32-a0-872-g59262bdc9b (webtiles) character file.

Game seed: 3114037674795845965

8476 jasper the Severer (level 11, 0/99 HPs)
             Began as a Mountain Dwarf Brigand on Mar 30, 2024.
             Was a Believer of Okawaru.
             Succumbed to a water moccasin's poison
             ... on level 9 of the Dungeon.
             The game lasted 00:15:23 (10565 turns).

jasper the Severer (Mountain Dwarf Brigand)        Turns: 10565, Time: 00:15:24

Health: 0/99       AC: 18    Str: 24    XL:     11   Next: 10%
Magic:  9/11       EV:  6    Int: 15    God:    Okawaru [**....]
Gold:   178        SH:  0    Dex: 10    Spells: 10/10 levels left

rFire   . . .        D - +4 war axe
rCold   . . .        (no shield)
rNeg    . . .        F - +0 plate armour
rPois   .            q - +1 hat
rElec   .            i - +1 cloak
rCorr   +            x - +0 pair of gloves
SInv    .            J - +0 pair of boots
Will    +....        (no amulet) Stlth
                     n - +6 ring of strength
HPRegen 0.36/turn    p - ring of resist corrosion
MPRegen 0.12/turn

%: no passive effects
@: lethally poisoned (0 -> -2), invisible
A: runic magic, artefact enchanting, clever 1, persistent drain
a: Renounce Religion, Heroism


You were on level 9 of the Dungeon.
You worshipped Okawaru.
Okawaru was pleased with you.
You visited 2 branches of the dungeon, and saw 10 of its levels.

You collected 438 gold pieces.
You spent 260 gold pieces at shops.

Inventory:

Hand Weapons
 a - a +2 dagger
 m - a +2 dagger of venom
 r - a +5 hand axe
 t - a +1 war axe
 A - a +0 morningstar
 D - a +4 war axe (weapon)
Missiles
 d - 24 poisoned darts (quivered)
 e - 2 curare-tipped darts
 k - 83 stones
 o - 9 boomerangs
Armour
 b - a +0 robe
 c - a +0 cloak
 i - a +1 cloak (worn)
 j - a +0 ring mail
 q - a +1 hat (worn)
 v - a scarf of resistance
 x - a +0 pair of gloves (worn)
 y - a +0 chain mail
 F - a +0 plate armour (worn)
 J - a +0 pair of boots (worn)
Jewellery
 n - a +6 ring of strength (left hand)
 p - a ring of resist corrosion (right hand)
 H - a ring of protection from fire
Wands
 g - a wand of mindburst (12)
 h - a wand of charming (12)
 B - a wand of flame (43)
Scrolls
 f - 2 scrolls of identify
 l - a scroll of fog
 u - a scroll of poison
 w - 2 scrolls of revelation
 C - a scroll of immolation
 E - 3 scrolls of teleportation
 K - a scroll of torment
Potions
 s - 2 potions of degeneration
 G - a potion of mutation


   Skills:
 * Level 9.6 Fighting
 - Level 1.5 Short Blades
 - Level 16.1 Axes
 - Level 1.5 Throwing
 + Level 6.1 Armour
 - Level 0.6 Dodging
 - Level 2.9 Stealth


You had 10 spell levels left.
You didn't know any spells.
Your spell library contained the following spells:

 Spells                   Type           Power      Damage    Failure   Level
 Sandblast                Erth           0%         2d4       45%         1
 Cigotuvi's Dreadful Rot  Necr/Alch/Air  0%         N/A       61%         2
 Stone Arrow              Conj/Erth      0%         3d7       83%         3
 Brom's Barrelling Bould  Conj/Erth      0%         2d3       99%         4
 Ignite Poison            Fire/Alch      0%         N/A       99%         4
 Freezing Cloud           Conj/Ice/Air   0%         6-21      100%        5
 Summon Small Mammal      Summ           Unusable   N/A       N/A         1
 Call Canine Familiar     Summ           Unusable   N/A       N/A         3
 Animate Dead             Necr           Unusable   N/A       N/A         4
 Summon Blazeheart Golem  Fire/Summ      Unusable   N/A       N/A         4
 Haunt                    Necr/Summ      Unusable   N/A       N/A         7
 Infestation              Necr           Unusable   N/A       N/A         8

Dungeon Overview and Level Annotations

Branches:
Dungeon (9/15)             Temple (1/1) D:6
   Lair: D:8-11         Orc: D:9-12

Altars:
Ashenzari
Cheibriados
Dithmenos
Elyvilon
Fedhas
Gozag
Hepliaklqana
Kikubaaqudgha
Makhleb
Nemelex Xobeh
Okawaru
Qazlal
Ru
Sif Muna
Trog
Uskayaw
Vehumet
Wu Jian
Xom
Yredelemnul
Zin
The Shining One

Shops:
D:1 :   D:4 *   D:7 *

Annotations:
D:9 3 runed translucent doors


Innate Abilities, Weirdness & Mutations

Your spellcasting is much less encumbered by armour.
You can use scrolls of enchantment on lesser artefacts.
Your mind is acute. (Int +4, Str/Dex -1)
Your health recovers twice as slowly from being drained.


Message History

* * * LOW HITPOINT WARNING * * *
You are lethally poisoned!
The water moccasin poisons you!
The water moccasin bites you but does no damage.
You regained 5 hp, and now have 6/97 hp.
It was a potion of invisibility.
You fade into invisibility!
* * * LOW HITPOINT WARNING * * *
You feel very sick.
The water moccasin bites you but does no damage.
You take 2 damage, and have 4/97 hp.
You catch the helpless water moccasin completely off-guard!
You slice the water moccasin!!
You kill the water moccasin!
Okawaru accepts your kill.
* * * LOW HITPOINT WARNING * * *
You feel sick.
You take 1 damage, and have 3/99 hp.
* * * LOW HITPOINT WARNING * * *
You feel sick.
You take 1 damage, and have 2/99 hp.
You are lethally poisoned (2 -> -2).
You are invisible.
Your movement speed is average.
Your attack delay is about 0.7 (and cannot be improved with additional weapon skill).
Your damage rating with your +4 war axe is about 27 (Base 11 x 137% (Str) x 153% (Skill) + 4 (Ench)).
Your base attributes are Str 19, Int 11, Dex 11.
Unknown command.
Unknown command.
Unknown command.
Unknown command.
Blink to where?
Press: ? - help, Dir - move target
As you read the scroll of blinking, it crumbles to dust.
* * * LOW HITPOINT WARNING * * *
You feel sick.
You take 1 damage, and have 1/99 hp.
You feel extremely strange.
You begin to recover more slowly from draining effects.
You feel clever.
You die...

.......#......#......#...........
.......#......########.......##..
.......+............##.......##..
.###.........###..............#..
.# ####...#### #.............####
.# ##### ##...#######...##.. ..
#....#.....#...##.. ..
#....#.._..#...##.. ..
##.@..#.....#....... ...
#.....#ß#.#ß#...##.. #.
#.....###.###...##.. #K
#......##........... ##
..##..#####........... ...#.
#.....#............
..OO#.....##.......##..
OS##.K..##.......####
#[#....'............


You could see a kobold demonologist (unable to see you).

Vanquished Creatures
  3 two-headed ogres (D:9)
  A manticore (D:7)
  2 trolls (D:9)
  A hornet (D:8)
  Prince Ribbit (D:8)
  A wyvern (D:9)
  A vampire (D:9)
  6 yaks (D:9)
  4 steam dragons
  An acid dragon (D:9)
  Duvessa (D:6)
  2 water moccasins
  An ice beast (D:7)
  4 sky beasts
  An orc warrior (D:7)
  A black bear (D:5)
  An ogre (D:5)
  A centaur (D:7)
  A phantom (D:6)
  2 kobold brigands
  7 bullfrogs
  A scorpion (D:6)
  A gnoll sergeant (D:9)
  A burial acolyte (D:9)
  12 wights
  Dowan (D:6)
  7 killer bees
  4 crimson imps (D:5)
  2 jellies
  4 hounds
  2 orc priests (D:5)
  2 sleepcaps
  5 orc wizards
  2 iguanas
  6 gnolls
  3 adders
  A shadow imp (D:5)
  2 white imps (D:6)
  2 ufetubi (D:6)
  2 ribbon worms
  2 dart slugs
  26 orcs
  A bat (D:2)
  3 endoplasms (D:2)
  7 giant cockroaches
  7 hobgoblins
  8 jackals
  13 kobolds
  4 quokkas
  7 ball pythons
  9 frilled lizards
  5 goblins
  2 jackal zombies (D:9)
  A rat (D:2)
198 creatures vanquished.

Vanquished Creatures (others)
  An adder (D:6)
1 creature vanquished.

Grand Total: 199 creatures vanquished

Notes
Turn   | Place    | Note
-------+----------+-------------------------------------------
     0 | D:1      | jasper the Mountain Dwarf Brigand began the quest for the
                  | Orb.
     0 | D:1      | Reached XP level 1. HP: 17/17 MP: 1/1
   158 | D:1      | Found Baytumi's Vocational Training.
   332 | D:1      | Reached XP level 2. HP: 22/26 MP: 2/2
   887 | D:2      | Reached XP level 3. HP: 17/33 MP: 3/3
  1886 | D:3      | Reached XP level 4. HP: 39/41 MP: 4/4
  1895 | D:3      | Reached skill level 5 in Fighting
  1938 | D:3      | Found a sacrificial altar of Ru.
  1960 | D:3      | Became a worshipper of Ru the Awakened
  2154 | D:3      | Found a snail-covered altar of Cheibriados.
  2395 | D:3      | Reached XP level 5. HP: 48/50 MP: 5/5
  2747 | D:4      | Reached skill level 1 in Armour
  2871 | D:4      | Found Kiuhozor's Assorted Antiques.
  2879 | D:4      | Bought 2 bubbling puce potions for 43 gold pieces
  2879 | D:4      | Bought a fizzy sapphire potion for 21 gold pieces
  2879 | D:4      | Bought a scroll labelled BUBUNOI DYLEGU for 24 gold pieces
  2879 | D:4      | Bought a scroll labelled CAC AXA HUL for 24 gold pieces
  2879 | D:4      | Bought a scroll of identify for 48 gold pieces
  3181 | D:4      | Reached XP level 6. HP: 55/58 MP: 6/6
  3363 | D:5      | Entered Level 5 of the Dungeon
  3624 | D:5      | Reached XP level 7. HP: 60/66 MP: 7/7
  4077 | D:5      | Found a shimmering altar of Xom.
  4123 | D:5      | Reached skill level 1 in Axes
  4157 | D:5      | Reached skill level 2 in Axes
  4453 | D:6      | Found a staircase to the Ecumenical Temple.
  4460 | Temple   | Entered the Ecumenical Temple
  4524 | D:6      | Reached skill level 3 in Axes
  4648 | D:6      | Noticed Dowan
  4655 | D:6      | Noticed Duvessa
  4735 | D:7      | Reached skill level 4 in Axes
  4857 | D:7      | Reached XP level 8. HP: 51/74 MP: 8/8
  4859 | D:7      | Reached skill level 5 in Axes
  4868 | D:7      | Reached skill level 6 in Axes
  5075 | D:7      | Reached skill level 7 in Axes
  5208 | D:7      | Noticed a manticore
  5228 | D:7      | Killed a manticore
  5229 | D:7      | Reached skill level 9 in Axes
  5965 | D:7      | Reached XP level 9. HP: 11/81 MP: 9/9
  6256 | D:7      | Reached skill level 10 in Axes
  6754 | D:7      | Found Qoim's Assorted Antiques.
  6757 | D:7      | Bought a scroll of teleportation for 75 gold pieces
  6757 | D:7      | Bought a scroll labelled VAURHOE CUTHREL for 25 gold pieces
  6863 | D:6      | Reached skill level 11 in Axes
  7211 | D:6      | Reached skill level 12 in Axes
  7368 | D:6      | Found a hide-covered altar of Uskayaw.
  7633 | D:6      | Killed Duvessa
  7635 | D:6      | Killed Dowan
  8399 | D:8      | Reached skill level 13 in Axes
  8495 | D:8      | Noticed Prince Ribbit
  8519 | D:8      | Killed Prince Ribbit
  8818 | D:8      | Reached XP level 10. HP: 86/88 MP: 10/10
  8822 | D:8      | Paralysed by a hornet for 1 turns
  8826 | D:8      | Reached skill level 14 in Axes
  9378 | D:8      | Identified the beast talisman "Irimo" {Int+4}
  9713 | D:9      | Found an iron altar of Okawaru.
  9719 | D:9      | Fell from the grace of Ru
  9719 | D:9      | Became a worshipper of Warmaster Okawaru
  9880 | D:9      | Reached skill level 15 in Axes
 10221 | D:9      | Reached * piety under Okawaru
 10236 | D:9      | Reached skill level 16 in Axes
 10299 | D:9      | Found an ancient bone altar of Kikubaaqudgha.
 10383 | D:9      | Found a runed translucent gate.
 10384 | D:9      | Found a runed translucent gate.
 10384 | D:9      | Found a runed translucent gate.
 10388 | D:9      | Noticed a red ugly thing
 10389 | D:9      | Noticed a purple ugly thing
 10389 | D:9      | a red ugly thing changed into a glowing orange brain
 10389 | D:9      | Noticed a glowing orange brain (glowing shapeshifter)
 10389 | D:9      | Noticed a brown ugly thing
 10389 | D:9      | Noticed a green ugly thing
 10498 | D:9      | Found a glowing silver altar of Zin.
 10527 | D:9      | Noticed a two-headed ogre
 10527 | D:9      | Noticed a two-headed ogre
 10528 | D:9      | Noticed a two-headed ogre
 10538 | D:9      | Reached skill level 5 in Armour
 10543 | D:9      | Killed a two-headed ogre
 10543 | D:9      | Reached ** piety under Okawaru
 10546 | D:9      | Killed a two-headed ogre
 10547 | D:9      | Reached XP level 11. HP: 43/97 MP: 9/11
 10557 | D:9      | Killed a two-headed ogre
 10559 | D:9      | HP: 1/97 [water moccasin (5)]
 10564 | D:9      | HP: 1/99 [poisoned by a water moccasin]
 10565 | D:9      | Gained mutation: Your health recovers twice as slowly from
                  | being drained. [potion of mutation]
 10565 | D:9      | Gained mutation: Your mind is acute. (Int +4, Str/Dex -1)
                  | [potion of mutation]
 10565 | D:9      | Succumbed to a water moccasin's poison

Illustrated notes

Levels and vault maps discovered:
D:1:      eino_arrival_cavern_a, layout_basic, minmay_misc_feat_alley,
          minmay_misc_feat_roman, nicolae_shop_vocational
D:2:      layout_loops_ring
D:3:      layout_loops_cross, mainiacjoe_overflow_surrounded_room,
          mainiacjoe_overflow_alcove_1, grunt_ministairs_3, minivault_26
D:4:      layout_rooms, serial_shops, nicolae_shop_gibbet_a_chance
D:5:      layout_basic, led_xom_imps
D:6:      layout_basic, lemuel_doored_altar, minmay_temple_entry_gardened_gates,
          uniq_duvessa
D:7:      layout_basic, serial_shops, kennysheep_mini, minmay_misc_feat_x
D:8:      lemuel_slime, layout_gridville, st_stairs_3, uniq_prince_ribbit1
D:9:      layout_gridville, mainiacjoe_overflow_six_doors_small,
          lemuel_zombie_altar_kikubaaqudgha, mainiacjoe_overflow_alcove_2,
          ploomutoo_gammafunk_ghost_potion_laboratory, minivault_27,
          minmay_pinched_square
Temple:   regret_index_temple_generic_petals

Skill      XL: |  1  2  3  4  5  6  7  8  9 10 11 |
---------------+----------------------------------+-----
Fighting       | 3 4 5 6 7 8 9 |  9.6
Armour         | 2 3 4 5 6 |  6.1
Axes           | 4 9 13 16 | 16.1
Short Blades   | |  1.5
Throwing       | |  1.5
Dodging        | |  0.6
Stealth        | |  2.9

Action                     |  1- 3 |  4- 6 |  7- 9 | 10-12 || total
---------------------------+-------+-------+-------+-------++-------
  Melee: Dagger            |   126 |   183 |   291 |       ||   600
         War axe           |       |       |   137 |   141 ||   278
  Throw: Dart              |    12 |     8 |    18 |    11 ||    49
         Boomerang         |       |       |     7 |       ||     7
 Invoke: Reject Sacrifices |       |     1 |       |       ||     1
         Heroism           |       |       |       |     2 ||     2
  Evoke: Wand              |       |       |     1 |     9 ||    10
    Use: Potion            |     1 |       |     7 |     3 ||    11
         Scroll            |     5 |     4 |     7 |     3 ||    19
   Stab: Sleeping          |     2 |       |       |       ||     2
         Invisible         |       |       |       |     2 ||     2
 Armour: Robe              |    91 |     3 |       |       ||    94
         Ring mail         |       |   123 |       |       ||   123
         Chain mail        |       |       |   375 |       ||   375
         Skin              |       |       |    34 |       ||    34
         Plate armour      |       |       |    72 |   127 ||   199
  Dodge: Dodged            |    43 |    86 |   199 |    24 ||   352

Table legend: (Time is in decaauts)
 A = Elapsed time spent in this place.
 B = Non-inter-level travel time spent in this place.
 C = Inter-level travel time spent in this place.
 D = Time resting spent in this place.
 E = Time spent auto-exploring this place.
 F = Levels seen in this place.
 G = Mean time per level.
                   A        B        C        D        E       F      G
               +--------+--------+--------+--------+--------+-----+--------+
         Total |  10489 |  10039 |    450 |   1195 |   6831 |  10 | 1048.9 |
       Dungeon |  10487 |  10037 |    450 |   1195 |   6831 |   9 | 1165.2 |
        Temple |      1 |      1 |      0 |      0 |      0 |   1 |    1.0 |
               +--------+--------+--------+--------+--------+-----+--------+

Top non-repeatable levels by time:
     D:7: 2021 daAuts
     D:6: 1773 daAuts
     D:5: 1157 daAuts
     D:8: 1136 daAuts
     D:2: 1103 daAuts
     D:9: 995 daAuts
     D:3: 868 daAuts
     D:1: 761 daAuts
     D:4: 670 daAuts
  Temple: 1 daAuts
